AoeStats
← KK

Four Lakes

507680682Analyzed
1v1 RM · 14d ago on Sep 19, 2026· 29m 7s· 2 players
Game mode
Random Map
Map size
Tiny (2 player)
Population
200
Speed
Normal
Resources
Standard
Victory
Conquest
Starting age
Dark Age
Ending age
Imperial Age
RankedLock teamsTeams togetherTeam positionsShared explorationLock speedFull tech treeHidden civsTurbo modeCheats
Victory
Defeat
🇨🇳 Mapuche · China
1679
+11
🇹🇼 Japanese · Taiwan
1571
-11
moneymickey
6:45 Loom
9:49 Feudal Age
9:52 Man-at-Arms
14:55 Double-Bit Axe
15:12 Town Watch
20:05 Fletching
24:04 Horse Collar
25:16 Wheelbarrow
28:43 Castle Age
27:04 Gold Mining
28:31 Scale Barding Armor
29:01 Forging
KK
8:02 Loom
10:24 Feudal Age
12:11 Double-Bit Axe
13:42 Horse Collar
14:48 Fletching
19:30 Wheelbarrow
24:02 Castle Age
23:38 Forging
23:20 Gold Mining
24:09 Arson
23:45 Champi Runner
24:34 Scale Mail Armor
26:19 Chain Mail Armor
25:27 Champi Warrior
Connection lost

Rejoining the realm…

Still unreachable

The connection could not be restored.

Session expired

The server has moved on; the page needs a fresh start.